 Dungeon Crawl Stone Soup version 0.28.0-1-gb440e238dd (webtiles) character file.

Game seed: 3959876864167904244

403 Sanktem7 the Sneak (level 6, 0/28 HPs)
             Began as a Spriggan Enchanter on Feb 24, 2022.
             Succumbed to an adder's poison
             ... on level 4 of the Dungeon.
             The game lasted 00:14:33 (4264 turns).

Sanktem7 the Sneak (Spriggan Enchanter)             Turns: 4264, Time: 00:14:34

Health: 0/28       AC:  2    Str:  6    XL:     6   Next: 55%
Magic:  6/14       EV: 18    Int: 17    God:
Gold:   128        SH:  0    Dex: 15    Spells: 8/15 levels left

rFire   . . .      SeeInvis +   a - +1 dagger {short}
rCold   . . .      Faith    .   (no shield)
rNeg    . . .      Spirit   .   b - +0 robe
rPois   .          Reflect  .   (helmet restricted)
rElec   .          Harm     .   (no cloak)
rCorr   .          Rampage  .   (gloves unavailable)
Will    +....                   (boots unavailable)
Stlth   +++.......              (no amulet)
HPRegen 0.09/turn               (no ring)
MPRegen 0.14/turn               (no ring)

@: lethally poisoned (0 -> -3), very quick
A: very small, no large weapons, unfitting armour, see invisible, speed 3
a: no special abilities


You were on level 4 of the Dungeon.
You visited 1 branch of the dungeon, and saw 4 of its levels.

You collected 128 gold pieces.


Innate Abilities, Weirdness & Mutations

You are very small and have problems with some larger weapons.
You are too small for most types of armour.
You have supernaturally acute eyesight. (SInv)
You cover ground extremely quickly. (Speed+++)


   Skills:
 - Level 1.1 Short Blades
 + Level 4.3 Dodging
 + Level 5.9 Stealth
 * Level 5.1 Spellcasting
 * Level 5.8 Hexes
 + Level 2.9 Translocations


You had 8 spell levels left.
You knew the following spells:

 Your Spells              Type           Power      Damage    Failure   Level
a - Ensorcelled Hibernat  Hex/Ice        28%        N/A       6%          2
b - Blink                 Tloc           28%        N/A       6%          2
c - Confusing Touch       Hex            24%        N/A       3%          3

Your spell library contained the following spells:

 Spells                   Type           Power      Damage    Failure   Level
 Tukima's Dance           Hex            24%        N/A       3%          3
 Dazzling Flash           Conj/Hex       28%        N/A       13%         3
 Lesser Beckoning         Tloc           14%        N/A       13%         3
 Manifold Assault         Tloc           14%        N/A       75%         5

Inventory:

Hand Weapons
 a - a +1 dagger (weapon) {short}
Missiles
 i - 26 bolts
 k - 3 poisoned darts (quivered) {throwing}
 q - 79 stones {throwing}
Armour
 b - a +0 robe (worn)
 o - an orb of light
   (You found it on level 3 of the Dungeon)
Wands
 s - a wand of flame (10)
   (You found it on level 3 of the Dungeon)
Scrolls
 d - 4 scrolls of identify {unknown}
 e - a scroll of silence {unknown}
 f - a scroll of immolation {unknown}
 g - a scroll of torment {unknown}
 j - a scroll of vulnerability {unknown}
 n - a scroll of amnesia {unknown}
 r - a scroll of teleportation {unknown}
 t - a scroll of magic mapping {unknown}
Potions
 c - a potion of invisibility
 h - 2 potions of flight {unknown}
 l - a potion of might {unknown}
 m - a potion of degeneration {unknown}
 p - a potion of haste {unknown}

Dungeon Overview and Level Annotations

Branches:
Dungeon (4/15)
 Temple: D:4-7

Altars:

Annotations:
D:3 3 runed translucent doors, axecop's ghost, amateur DsAK
D:4 Menkaure

#.#
#.....#
#. #.#
####.M#
#. #.#
#..# #.
#.# #..#
#> #.#
#....†.#
#. #.#
#.####.#
#. #.#
#.# #.
#.#######
..# #.
#..†@...#
### #.
#######.#
... .###
.


There were no monsters in sight!


Message History

😨 HP[+1] 😨 MP[+1] 😨 MP[+1] 😨 HP[+1] 😨 MP[+1]
t - a scroll labelled BYADIXKECW 😨 HP[+1] MP[+1] 😨 MP[+1] 😨 HP[+1] 😨 MP[+1]
Your mp is fully restored (14).
A scorpion is nearby! 😨 HP[+1] Menkaure, Prince of Dust comes into view.
Casting: Ensorcelled Hibernation (safe; 7% risk of failure)
Confirm with . or Enter, or press ? or * to list all spells.
Aiming: Ensorcelled Hibernation (safe; 7% risk of failure)
Press: ? - help, Shift-Dir - straight line, f/p - scorpion
Aim: a scorpion (wandering, hasn't noticed you, chance to affect: 47%)
The scorpion resists with some effort.
Menkaure shouts!
The scorpion misses you. 😨 MP[-2]
You lost 2 mp, and now have 12/14 mp.
Casting: Ensorcelled Hibernation (safe; 7% risk of failure)
Confirm with . or Enter, or press ? or * to list all spells.
Aiming: Ensorcelled Hibernation (safe; 7% risk of failure)
Press: ? - help, Shift-Dir - straight line, f/p - scorpion
Aim: a scorpion (chance to affect: 47%)
The scorpion resists with some effort.
The scorpion stings you!
* * * LOW HITPOINT WARNING * * *
😱 HP[-8] MP[-2]
You take 8 damage, and now have 4/28 hp.
MASSIVE DAMAGE!! (PAUSE)
You lost 2 mp, and now have 10/14 mp.
Casting: Ensorcelled Hibernation (safe; 7% risk of failure)
Confirm with . or Enter, or press ? or * to list all spells.
Aiming: Ensorcelled Hibernation (safe; 7% risk of failure)
Press: ? - help, Shift-Dir - straight line, f/p - scorpion
Aim: a scorpion (chance to affect: 47%)
The scorpion looks drowsy...
A centaur skeleton comes into view. 😱 MP[-2]
You lost 2 mp, and now have 8/14 mp.
The helpless scorpion fails to defend itself.
You impale the scorpion!!
You kill the scorpion!
Your Spellcasting skill increases to level 5! 😱 MP[+1] 😱 HP[+1] 😱 MP[+1] 😱 HP[+1] MP[+1]
An adder comes into view.
The adder hisses angrily. 😱 MP[+1]
You hit the adder but do no damage. The adder misses you.
Casting: Ensorcelled Hibernation (safe; 7% risk of failure)
Confirm with . or Enter, or press ? or * to list all spells.
Aiming: Ensorcelled Hibernation (safe; 7% risk of failure)
Press: ? - help, Shift-Dir - straight line, f - adder
Aim: an adder (chance to affect: 56%)
The adder resists with significant effort.
The adder completely misses you. 😱 MP[-2]
You lost 2 mp, and now have 10/14 mp.
You closely miss the adder. The adder completely misses you.
Casting: Ensorcelled Hibernation (safe; 7% risk of failure)
Confirm with . or Enter, or press ? or * to list all spells.
Aiming: Ensorcelled Hibernation (safe; 7% risk of failure)
Press: ? - help, Shift-Dir - straight line, f/p - adder
Aim: an adder (chance to affect: 56%)
The adder resists with significant effort.
The adder bites you.
* * * LOW HITPOINT WARNING * * *
You are lethally poisoned!
The adder poisons you! The adder bites you.
* * * LOW HITPOINT WARNING * * *
😱 HP[-2] MP[-2]
You take 2 damage, and now have 4/28 hp.
You lost 2 mp, and now have 8/14 mp.
Casting: Ensorcelled Hibernation (safe; 7% risk of failure)
Confirm with . or Enter, or press ? or * to list all spells.
Aiming: Ensorcelled Hibernation (safe; 7% risk of failure)
Press: ? - help, Shift-Dir - straight line, f/p - adder
Aim: an adder (chance to affect: 56%)
The adder looks drowsy...
* * * LOW HITPOINT WARNING * * *
You feel sick. 😱 HP[-2] MP[-2]
You take 2 damage, and now have 2/28 hp.
You lost 2 mp, and now have 6/14 mp.
The helpless adder fails to defend itself.
You impale the adder!!
You kill the adder!
* * * LOW HITPOINT WARNING * * *
You feel sick. 😱 HP[-1]
You take 1 damage, and now have 1/28 hp.
You see here an adder corpse.
You die...

Skill      XL: |  1  2  3  4  5  6 |
---------------+-------------------+-----
Spellcasting   | 3 4 5 |  5.1
Dodging        | 3 4 |  4.3
Hexes          | 4 5 |  5.8
Translocations | 1 2 |  2.9
Stealth        | 5 |  5.9
Short Blades   | |  1.1

Action                   |  1- 3 |  4- 6 || total
-------------------------+-------+-------++-------
Melee: Dagger            |    88 |    53 ||   141
       Punch             |       |     1 ||     1
 Cast: Ensorcelled Hiber |    31 |    22 ||    53
       Confusing Touch   |       |     3 ||     3
 Stab: Sleeping          |    23 |    23 ||    46
       Confused          |       |     2 ||     2
Armor: Robe              |     9 |     3 ||    12
Dodge: Dodged            |    67 |    39 ||   106

Levels and vault maps discovered:
D:1:      saegor_arrival_simple_e, layout_loops_ring,
          shapermc_ecumenical_altar_mp_ritualfount, hangedman_decor_slide_cut
D:2:      layout_rooms
D:3:      layout_loops_corners, gammafunk_ghost_icy, grunt_ministairs_7
D:4:      layout_basic, pdpol_wu_jian_five_deadly_venoms, slow_altar_2,
          minmay_misc_feat_enclosed, uniq_menkaure, uniq_grinder

Notes
Turn   | Place    | Note
-------+----------+-------------------------------------------
     0 | D:1      | Sanktem7 the Spriggan Enchanter began the quest for the
                  | Orb.
     0 | D:1      | Reached XP level 1. HP: 9/9 MP: 5/5
     0 | D:1      | magus.rc [v1.9.6]
    72 | D:1      | Found a faded altar of an unknown god.
   134 | D:1      | Reached skill level 3 in Spellcasting
   243 | D:1      | HP: 1/9 [kobold (4)]
   704 | D:1      | Reached XP level 2. HP: 9/13 MP: 7/7
   744 | D:1      | Learned a level 2 spell: Ensorcelled Hibernation
   831 | D:1      | Reached skill level 3 in Dodging
   831 | D:1      | Reached skill level 4 in Hexes
  1248 | D:1      | You pick up a book of Spatial Translocations and begin
                  | reading...
  1248 | D:1      | You add the spells Blink, Lesser Beckoning and Manifold
                  | Assault to your library.
  1257 | D:1      | Learned a level 2 spell: Blink
  1621 | D:2      | Reached XP level 3. HP: 16/16 MP: 6/9
  1625 | D:2      | Learned a level 3 spell: Confusing Touch
  1842 | D:2      | Reached skill level 1 in Translocations
  2095 | D:2      | Reached skill level 5 in Stealth
  2095 | D:2      | Reached XP level 4. HP: 21/21 MP: 0/10
  2848 | D:3      | Noticed a black bear
  2861 | D:3      | HP: 1/21 [black bear (8)]
  2862 | D:3      | Killed a black bear
  2863 | D:3      | Reached skill level 4 in Spellcasting
  2863 | D:3      | Reached skill level 5 in Hexes
  2863 | D:3      | Reached skill level 2 in Translocations
  2863 | D:3      | Reached XP level 5. HP: 1/24 MP: 4/12
  3344 | D:3      | Found a runed translucent gate.
  3344 | D:3      | Found a runed translucent gate.
  3347 | D:3      | Found a runed translucent gate.
  3520 | D:3      | Noticed axecop's ghost (amateur DsAK)
  3903 | D:4      | Reached skill level 4 in Dodging
  3945 | D:4      | Reached XP level 6. HP: 28/28 MP: 12/14
  4040 | D:4      | HP: 2/28 [orc priest/divine providence (10)]
  4212 | D:4      | Noticed Menkaure
  4214 | D:4      | HP: 4/28 [scorpion (8)]
  4217 | D:4      | Reached skill level 5 in Spellcasting
  4260 | D:4      | HP: 6/28 [adder (1)]
  4261 | D:4      | HP: 2/28 [poisoned by an adder]
  4264 | D:4      | Succumbed to an adder's poison

Vanquished Creatures
  A black bear (D:3)
  2 scorpions (D:4)
  A jelly (D:4)
  An orc priest (D:4)
  An iguana (D:2)
  6 adders
  An ufetubus (D:4)
  An adder skeleton (D:4)
  2 dart slugs
  2 orcs (D:4)
  A bat (D:3)
  4 endoplasms
  2 giant cockroaches (D:2)
  2 goblins (D:1)
  3 hobgoblins
  8 kobolds
  8 quokkas
  8 ball pythons
  4 rats
58 creatures vanquished.

Vanquished Creatures (others)
  A fungus (D:1)
  A plant (D:1)
2 creatures vanquished.

Grand Total: 60 creatures vanquished

Table legend:
 A = Non-vault XP
 B = Vault XP
 C = Vault XP percentage of total XP
 D = Non-vault monster count
 E = Vault monster count
 F = Vault count percentage of total count
                 A         B        C        D         E       F
            +---------+---------+-------+---------+---------+-------
      Total |     573 |       4 |   0.7 |      56 |       2 |   3.4
            +---------+---------+-------+---------+---------+-------
        D:1 |      31 |       0 |   0.0 |      18 |       0 |   0.0
        D:2 |      97 |       0 |   0.0 |      18 |       0 |   0.0
        D:3 |     167 |       4 |   2.3 |      11 |       2 |  15.4
        D:4 |     278 |       0 |   0.0 |       9 |       0 |   0.0
            +---------+---------+-------+---------+---------+-------

Illustrated notes

Table legend:
 A = Kills in this place as a percentage of kills in entire the game.
 B = Kills by you in this place as a percentage of kills by you in the entire game.
 C = Kills by friends in this place as a percentage of kills by friends in the entire game.
 D = Other kills in this place as a percentage of other kills in the entire game.
 E = Experience gained in this place as a percentage of experience gained in the entire game.
 F = Experience gained in this place divided by the number of levels of this place that you have seen.
                   A       B       C       D       E      F
               +-------+-------+-------+-------+-------+----------------------
         Total | 100.0 | 100.0 |   N/A |   N/A | 100.0 | 144.2
       Dungeon | 100.0 | 100.0 |   N/A |   N/A | 100.0 | 144.2
               +-------+-------+-------+-------+-------+----------------------

Table legend: (Time is in decaauts)
 A = Elapsed time spent in this place.
 B = Non-inter-level travel time spent in this place.
 C = Inter-level travel time spent in this place.
 D = Time resting spent in this place.
 E = Time spent auto-exploring this place.
 F = Levels seen in this place.
 G = Mean time per level.
                   A        B        C        D        E       F      G
               +--------+--------+--------+--------+--------+-----+--------+
         Total |   3185 |   3113 |     72 |   1145 |    890 |   4 |  796.2 |
       Dungeon |   3185 |   3113 |     72 |   1145 |    890 |   4 |  796.2 |
               +--------+--------+--------+--------+--------+-----+--------+

Top non-repeatable levels by time:
     D:1: 1244 daAuts
     D:3: 942 daAuts
     D:2: 750 daAuts
     D:4: 248 daAuts
